 Dungeon Sprint DCSS version 0.28.0-43-g3370ac3207 (webtiles) character file.

Game seed: 14928500272842725474

4100000 smarlow the Archmage (level 22, -33/194 HPs)
             Began as a Djinni Warper on Mar 3, 2022.
             Was the Champion of Makhleb.
             Annihilated by a destroyer
             ... wielding a +9 vorpal great sword
              (227 damage)
             ... in the Dungeon (Sprint VIII: "Arena of Blood").
             The game lasted 00:01:57 (41 turns).

smarlow the Archmage (Djinni Warper)                  Turns: 41, Time: 00:01:57

Health: -33/194    AC:  6    Str: 12    XL:     22   Next: 50%
Gold:   0          EV: 33    Int: 15    God:    Makhleb [******] SH:  0 Dex: 22

rFire   + + .      SeeInvis .   i - +∞ Axe of Woe
rCold   x . .      Faith    .   (shield currently unavailable)
rNeg    . . .      Spirit   .   b - +0 leather armour
rPois   ∞          Reflect  .   (no helmet)
rElec   .          Harm     .   (no cloak)
rCorr   .          Rampage  .   (no gloves)
Will    ++...      NoTele   +   (boots unavailable)
Stlth   ++++......              (no amulet)
HPRegen 0.42/turn               (no ring)
MPRegen 0.00/turn               (no ring)

@: flying, hasted, very quick
A: sickness immunity, fire resistance 2, cold vulnerability 1, float, innate
caster, HP casting, extra vitality 1
a: Renounce Religion, Minor Destruction, Lesser Servant of Makhleb, Major
Destruction, Greater Servant of Makhleb


You were in the Dungeon.
You worshipped Makhleb.
Makhleb was exalted by your worship.
You visited 1 branch

Inventory:

Hand Weapons
 a - a +0 hand axe
 i - the +∞ Axe of Woe (weapon)
   (You found it in the Dungeon)
Missiles
 d - 5 boomerangs of dispersal (quivered)
Armour
 b - a +0 leather armour (worn)
Scrolls
 c - 2 scrolls of blinking
Potions
 e - a potion of curing
 f - a potion of heal wounds
 h - a potion of berserk rage


   Skills:
 O Level 27 Fighting
 + Level 9.0(10.6) Short Blades
 + Level 9.0(10.6) Long Blades
 O Level 27 Axes
 + Level 8.2(20.1) Maces & Flails
 + Level 8.2(20.1) Polearms
 + Level 9.0(12.0) Staves
 + Level 8.2(19.5) Slings
 + Level 8.2 Bows
 + Level 8.2 Crossbows
 O Level 27 Throwing
 O Level 27 Armour
 O Level 27 Dodging
 + Level 9.0 Stealth
 + Level 9.2 Shields
 + Level 9.2 Unarmed Combat
 O Level 27 Spellcasting
 + Level 9.2 Invocations
 + Level 9.2 Evocations


You had 16 spell levels left.
You knew the following spells:

 Your Spells              Type           Power      Damage    Failure   Level
a - Blink                 Tloc           100%       N/A       0%          2
b - Lesser Beckoning      Tloc           79%        N/A       0%          3
c - Gell's Gravitas       Tloc           79%        N/A       0%          3
d - Teleport Other        Tloc           79%        N/A       0%          3
e - Manifold Assault      Tloc           79%        N/A       0%          5
f - Sting                 Tmut/Pois      100%       1d8       0%          1
g - Call Imp              Summ           79%        N/A       0%          2
h - Ensorcelled Hibernat  Hex/Ice        100%       N/A       0%          2
i - Conjure Flame         Conj/Fire      79%        6-21      0%          3
j - Dispel Undead         Necr           79%        3d26      0%          4
k - Alistair's Intoxicat  Tmut/Pois      52%        N/A       0%          5
l - Summon Cactus Giant   Summ           39%        N/A       0%          6
m - Statue Form           Tmut/Erth      52%        N/A       0%          6
n - Eringya's Noxious Bo  Tmut/Pois      39%        N/A       0%          6
o - Disjunction           Tloc           39%        N/A       1%          8
Your spell library was empty.

Dungeon Overview and Level Annotations

Branches:
Dungeon (1/1)

Altars:
Makhleb


Innate Abilities, Weirdness & Mutations

You are immune to sickness and miasma.
You are immune to poison.
Your flesh is very heat resistant. (rF++)
You are vulnerable to cold. (rC-)
You float through the air rather than walking.
You learn spells naturally, not from books.
Your magical power is your life essence.
You have superior vitality. (+4 MHP)


Message History

Your base Long Blades skill increases to level 6!
Your base Staves skill increases to level 6!
Your Stealth skill increases to level 6!
Your Shields skill increases to level 6!
Your Unarmed Combat skill increases to level 6!
Your Invocations skill increases to level 6!
Your Evocations skill increases to level 6!
You have reached level 22!
You hit the meat berserker.
You cleave the meat berserker in twain.
You kill the meat berserker!
Makhleb accepts your kill.
You feel better.
You slash the destroyer!
You butcher the destroyer messily.
You destroy the destroyer!
Makhleb accepts your kill.
You hear a shout! x2
The meat berserker is engulfed in blazing flames.
You hear a shout!
The bag of meat is engulfed in blazing flames.
The destroyer gestures at you while chanting.
The destroyer blinks!
You hear a shout!
Your base Short Blades skill gained 3 levels and is now at level 9!
Your base Long Blades skill gained 3 levels and is now at level 9!
Your base Maces & Flails skill gained 3 levels and is now at level 8!
Your base Polearms skill gained 3 levels and is now at level 8!
Your base Staves skill gained 3 levels and is now at level 9!
Your base Slings skill gained 3 levels and is now at level 8!
Your Bows skill gained 3 levels and is now at level 8!
Your Crossbows skill gained 3 levels and is now at level 8!
Your Stealth skill gained 3 levels and is now at level 9!
Your Shields skill gained 3 levels and is now at level 9!
Your Unarmed Combat skill gained 3 levels and is now at level 9!
Your Invocations skill gained 3 levels and is now at level 9!
Your Evocations skill gained 3 levels and is now at level 9!
You hear a shout!
The meat berserker is engulfed in blazing flames.
The bag of meat is engulfed in blazing flames.
The destroyer hits you with a +9 vorpal great sword!!!!!
Ouch! That really hurt!
You die...

## .=. #### ... ...### .
#.#####...... ..
............
###...o.##.##..V...§...
...............V.......
..........#.#..@....# .
......o.........).####..
#....o.......oooooo.....
.#....o.○...§§O.........
......§)°.oooo§..zo.....
....O.o○☼...oo§§o○......
.....#.)...o.#))).......
..O #.))))..#.)§V......
...###.......###.o......


You could see 3 destroyers, a sculptor of flesh, a meat berserker (berserk) and
15 bags of meat.

Vanquished Creatures
  A vampire knight (D)
  8 ogres (D)
  3 two-headed ogres (D)
  32 orcs (D)
44 creatures vanquished.

Notes
Turn   | Place    | Note
-------+----------+-------------------------------------------
     0 | D        | Found the +∞ Axe of Woe
     0 | D        | smarlow the Djinni Warper began the quest for the Orb.
     0 | D        | Reached XP level 1. HP: 18/18 MP: 0/0
     1 | D        | Noticed a bag of meat
     3 | D        | Became a worshipper of Makhleb the Destroyer
     6 | D        | Noticed a bag of meat
     6 | D        | Noticed a bag of meat
     6 | D        | Noticed a bag of meat
     6 | D        | Noticed a bag of meat
     8 | D        | Noticed a bag of meat
     8 | D        | Noticed a bag of meat
     9 | D        | Noticed a bag of meat
     9 | D        | Noticed a bag of meat
     9 | D        | Noticed a bag of meat
     9 | D        | Noticed a bag of meat
     9 | D        | Noticed a bag of meat
     9 | D        | Noticed a bag of meat
    10 | D        | Noticed a bag of meat
    10 | D        | Noticed a bag of meat
    10 | D        | Noticed a bag of meat
    11 | D        | Killed a bag of meat
    11 | D        | Noticed a bag of meat
    11 | D        | Noticed a meat berserker
    11 | D        | Noticed a large bag of meat
    11 | D        | Noticed a bag of meat
    11 | D        | Noticed a meat berserker
    12 | D        | Reached skill level 10 in Dodging
    12 | D        | Reached XP level 2. HP: 34/34 MP: 0/0
    12 | D        | Reached XP level 3. HP: 39/39 MP: 0/0
    12 | D        | Learned a level 1 spell: Sting
    12 | D        | Reached XP level 4. HP: 45/45 MP: 0/0
    12 | D        | Reached XP level 5. HP: 50/50 MP: 0/0
    12 | D        | Learned a level 2 spell: Call Imp
    12 | D        | Reached XP level 6. HP: 56/56 MP: 0/0
    12 | D        | Reached XP level 7. HP: 61/61 MP: 0/0
    12 | D        | Learned a level 2 spell: Ensorcelled Hibernation
    12 | D        | Reached XP level 8. HP: 67/67 MP: 0/0
    12 | D        | Reached XP level 9. HP: 72/72 MP: 0/0
    12 | D        | Learned a level 3 spell: Conjure Flame
    12 | D        | Reached XP level 10. HP: 78/78 MP: 0/0
    12 | D        | Reached XP level 11. HP: 84/84 MP: 0/0
    12 | D        | Learned a level 4 spell: Dispel Undead
    12 | D        | Killed a bag of meat
    12 | D        | Reached * piety under Makhleb
    12 | D        | Noticed a bag of meat
    12 | D        | Noticed a bag of meat
    13 | D        | Reached skill level 10 in Fighting
    13 | D        | Reached XP level 12. HP: 93/93 MP: 0/0
    13 | D        | Killed a bag of meat
    13 | D        | Noticed a bag of meat
    13 | D        | Noticed a bag of meat
    13 | D        | Noticed a bag of meat
    14 | D        | Reached skill level 10 in Axes
    14 | D        | Reached XP level 13. HP: 60/100 MP: 0/0
    14 | D        | Learned a level 5 spell: Alistair's Intoxication
    14 | D        | Killed a bag of meat
    14 | D        | Killed a bag of meat
    14 | D        | Reached ** piety under Makhleb
    14 | D        | Killed a bag of meat
    14 | D        | Noticed a bag of meat
    14 | D        | Noticed a bag of meat
    14 | D        | Noticed a bag of meat
    14 | D        | Noticed a bag of meat
    15 | D        | Reached XP level 14. HP: 84/110 MP: 0/0
    15 | D        | Killed a bag of meat
    15 | D        | Killed a bag of meat
    15 | D        | Reached *** piety under Makhleb
    15 | D        | Killed a meat berserker
    15 | D        | Noticed a bag of meat
    16 | D        | Reached XP level 15. HP: 118/118 MP: 0/0
    16 | D        | Learned a level 6 spell: Summon Cactus Giant
    16 | D        | Reached **** piety under Makhleb
    17 | D        | Reached skill level 27 in Spellcasting
    17 | D        | Reached XP level 16. HP: 130/130 MP: 0/0
    17 | D        | Killed a meat berserker
    17 | D        | Reached ***** piety under Makhleb
    17 | D        | Noticed a meat berserker
    18 | D        | Reached XP level 17. HP: 143/143 MP: 0/0
    18 | D        | Learned a level 6 spell: Statue Form
    18 | D        | Killed a large bag of meat
    18 | D        | Noticed a meat berserker
    18 | D        | Noticed a large bag of meat
    19 | D        | Reached skill level 5 in Throwing
    21 | D        | Reached XP level 18. HP: 156/156 MP: 0/0
    21 | D        | Reached ****** piety under Makhleb
    23 | D        | Killed a meat berserker
    24 | D        | Reached skill level 27 in Axes
    24 | D        | Reached XP level 19. HP: 173/173 MP: 0/0
    24 | D        | Learned a level 6 spell: Eringya's Noxious Bog
    24 | D        | Noticed a meat berserker
    24 | D        | Noticed a meat berserker
    24 | D        | Noticed a large bag of meat
    24 | D        | Noticed a meat berserker
    25 | D        | Noticed a meat berserker
    25 | D        | Noticed a meat berserker
    26 | D        | Killed a large bag of meat
    27 | D        | Reached skill level 27 in Fighting
    29 | D        | Reached skill level 27 in Dodging
    29 | D        | Killed a meat berserker
    30 | D        | Killed a meat berserker
    31 | D        | Reached skill level 15 in Throwing
    31 | D        | Reached XP level 20. HP: 181/181 MP: 0/0
    34 | D        | Reached skill level 27 in Armour
    34 | D        | Killed a meat berserker
    34 | D        | Killed a large bag of meat
    35 | D        | Reached XP level 21. HP: 179/187 MP: 0/0
    35 | D        | Learned a level 8 spell: Disjunction
    35 | D        | Noticed a destroyer
    36 | D        | Killed a meat berserker
    36 | D        | Noticed a destroyer
    37 | D        | Reached skill level 27 in Throwing
    38 | D        | Reached skill level 5 in Short Blades
    38 | D        | Reached skill level 5 in Long Blades
    38 | D        | Reached skill level 5 in Maces & Flails
    38 | D        | Reached skill level 5 in Polearms
    38 | D        | Reached skill level 5 in Staves
    38 | D        | Reached skill level 5 in Slings
    38 | D        | Reached skill level 5 in Bows
    38 | D        | Reached skill level 5 in Crossbows
    38 | D        | Reached skill level 5 in Stealth
    38 | D        | Reached skill level 5 in Shields
    38 | D        | Reached skill level 5 in Unarmed Combat
    38 | D        | Reached skill level 5 in Invocations
    38 | D        | Reached skill level 5 in Evocations
    38 | D        | Noticed a destroyer
    39 | D        | Noticed a destroyer
    40 | D        | Reached XP level 22. HP: 186/194 MP: 0/0
    40 | D        | Killed a meat berserker
    40 | D        | Killed a destroyer
    41 | D        | Annihilated by a destroyer

Illustrated notes

Levels and vault maps discovered:
D:        meatsprint

Skill      XL: |  1  2  3  4  5  6  7  8  9 10 11 12 13 14 15 16 17 18 19 20 21 22 |
---------------+-------------------------------------------------------------------+-----
Fighting       | 9 10 11 13 14 17 19 22 26 27 | 27.0
Axes           | 8 9 10 12 14 18 22 25 27 | 27.0
Throwing       | 3 4 5 15 25 27 | 27.0
Armour         | 2 3 4 6 8 9 11 24 27 | 27.0
Dodging        | 10 11 12 13 14 16 18 20 23 27 | 27.0
Spellcasting   | 16 18 19 23 26 27 | 27.0
Short Blades   | 6 9 |  9.0
Long Blades    | 6 9 |  9.0
Maces & Flails | 5 8 |  8.2
Polearms       | 5 8 |  8.2
Staves         | 6 9 |  9.0
Slings         | 5 8 |  8.2
Bows           | 5 8 |  8.2
Crossbows      | 5 8 |  8.2
Stealth        | 6 9 |  9.0
Shields        | 6 9 |  9.2
Unarmed Combat | 6 9 |  9.2
Invocations    | 6 9 |  9.2
Evocations     | 6 9 |  9.2

Action                   |  1- 3 |  4- 6 |  7- 9 | 10-12 | 13-15 | 16-18 | 19-21 | 22-24 || total
-------------------------+-------+-------+-------+-------+-------+-------+-------+-------++-------
Melee: Executioner's axe |     1 |       |       |     2 |     3 |     5 |    10 |     1 ||    22
 Cast: Blink             |       |       |       |       |       |     1 |     2 |       ||     3
  Use: Potion            |     1 |       |       |       |       |       |       |       ||     1
Dodge: Dodged            |       |       |       |       |       |       |     2 |       ||     2
